 Dungeon Crawl Stone Soup version 0.21.1-1-g345015f (webtiles) character file.

1521 tyranidshit the Fighter (level 8, -9/79 HPs)
             Began as a Demonspawn Abyssal Knight on July 25, 2018.
             Was an Elder of Lugonu.
             Mangled by an ogre
             ... wielding a +0 giant spiked club
              (17 damage)
             ... on level 5 of the Dungeon.
             The game lasted 00:16:10 (3883 turns).

tyranidshit the Fighter (Demonspawn Abyssal Knight) Turns: 3883, Time: 00:16:11

Health: -9/79      AC: 15    Str: 21    XL:     8   Next: 54%
Magic:  9/9        EV:  8    Int: 15    God:    Lugonu [****..]
Gold:   236        SH:  0    Dex: 12    Spells: 7/7 levels left

rFire    . . .     SeeInvis .   v - +3 hand axe
rCold    . . .     Gourm    .   (no shield)
rNeg     . . .     Faith    .   o - +0 chain mail
rPois    +         Spirit   .   (no helmet)
rElec    .         Reflect  .   i - +2 cloak
rCorr    .         Harm     .   e - +0 pair of gloves {Str+3}
MR       .....                  (no boots)
Stlth    ..........             n - amulet of regeneration
HPRegen  0.63/turn              d - ring of stealth
MPRegen  0.11/turn              r - ring of poison resistance

@: about to teleport
A: hooves 1, iridescent scales 1, robust 1, strong 2
a: Depart the Abyss, Bend Space, Banish, Corrupt, Renounce Religion


You were on level 5 of the Dungeon.
You worshipped Lugonu.
Lugonu was greatly pleased with you.
You were not hungry.

You visited 2 branches of the dungeon, and saw 6 of its levels.
You visited the Abyss 1 time.
You also visited: Sewer.

You collected 236 gold pieces.

Inventory:

Hand Weapons
 a - a +1 hand axe
 j - a +0 hand axe
 q - a +0 dagger of distortion
 v - a +3 hand axe (weapon)
Armour
 b - a +0 leather armour
 e - a +0 pair of gloves of strength (worn)
 h - a +0 ring mail
 i - a +2 cloak (worn)
 k - a +0 scale mail
 o - a +0 chain mail (worn)
 t - a +0 chain mail
Jewellery
 d - a ring of stealth (left hand)
 n - an amulet of regeneration (around neck)
 r - a ring of poison resistance (right hand)
Wands
 p - a wand of flame (18)
Scrolls
 l - 4 scrolls of identify
 m - 5 scrolls of remove curse
 w - a scroll of immolation
Potions
 f - a potion of mutation
 g - 3 potions of flight
 u - a potion of magic
 x - a potion of might
 z - a potion of heal wounds
Comestibles
 c - 6 rations


   Skills:
 - Level 10.2 Fighting
 + Level 3.2 Axes
 + Level 3.2 Armour
 - Level 0.8 Dodging
 - Level 0.8 Stealth
 - Level 2.4 Invocations


You had 7 spell levels left.
You didn't know any spells.

Dungeon Overview and Level Annotations

Branches:
Dungeon (5/15)             Temple (1/1) D:5

Altars:
Ashenzari
Cheibriados
Dithmenos
Fedhas
Gozag
Kikubaaqudgha
Makhleb
Nemelex Xobeh
Okawaru
Qazlal
Sif Muna
Trog
Uskayaw
Vehumet
Wu Jian
Xom
Yredelemnul
Zin
The Shining One

Shops:
D:4 !


Innate Abilities, Weirdness & Mutations

You have large cloven feet.
You are partially covered in iridescent scales. (AC +2)
You are robust. (+10% HP)
Your muscles are very strong. (Str +4)


Message History

You hit the ogre. You kick the ogre!
The ogre is moderately wounded.
You closely miss something.
You feel sick.
You are no longer poisoned.
The ogre closely misses you. Something hits you but does no damage.
Unknown command.
As you read the scroll of teleportation, it crumbles to dust.
You feel strangely unstable.
The orc wizard mumbles some strange words.
The orc wizard flickers and vanishes!
The ogre hits you with a giant spiked club!
* * * LOW HITPOINT WARNING * * *
Something hits you but does no damage.
The orc priest casts a cantrip, but nothing happens.
Unknown command.
You barely miss something. You hit the ogre.
You hear some strange, mumbled words.
Something tries to affect you, but you resist.
The ogre hits you with a giant spiked club!
You die...

##### #...#
######...##########
#............[....## ####
#.###############.#.
.....##o###############.#.
...|..OoO@)a{o............
########g####o##########.#.
......##(####.# #######.#.
#.....((<...# #.....#†#.
#.#..#(####.# #.....#.#.
#..(....# #.....#.#.
#..(###.# #.....#.#.
#.#...# # ####.....#.#.
#.#(..# #..'.....+.#.


You could see 2 ogres, a worker ant, an orc priest, 3 orcs and a goblin.

Vanquished Creatures
  Grinder (D:3)
  The ghost of Amon001 the Magician, an amateur GnWn of Okawaru (D:3)
  An ice beast (D:5)
  2 ogres
  2 phantoms (D:4)
  2 bullfrogs (Sewer)
  2 bullfrog skeletons (D:4)
  A hound (D:5)
  2 orc priests (D:3)
  An iguana (D:5)
  Terence (D:2)
  An orc wizard (D:3)
  A hound skeleton (D:4)
  A worker ant zombie (D:5)
  12 adders
  14 oozes
  An adder skeleton (D:4)
  4 worms
  3 dart slugs (D:2)
  10 leopard geckos
  21 orcs
  7 ball pythons (Sewer)
  23 giant cockroaches
  8 goblins
  9 hobgoblins
  7 jackals
  5 quokkas
  5 bats
  20 frilled lizards
  8 kobolds
  7 rats
183 creatures vanquished.

Vanquished Creatures (others)
  An orc wizard (D:3)
1 creature vanquished.

Grand Total: 184 creatures vanquished

Notes
Turn   | Place    | Note
-------+----------+-------------------------------------------
     0 | Abyss:1  | tyranidshit the Demonspawn Abyssal Knight began the quest for the Orb.
     0 | Abyss:1  | Reached XP level 1. HP: 18/18 MP: 2/2
    51 | Abyss:1  | Noticed a starcursed mass
    58 | D:1      | Escaped the Abyss
   405 | D:1      | Gained mutation: You are partially covered in iridescent scales. (AC +2) [demonic ancestry]
   405 | D:1      | Reached XP level 2. HP: 14/24 MP: 3/3
   682 | D:1      | Found a sparkling altar of Nemelex Xobeh.
  1042 | D:2      | Reached * piety under Lugonu
  1045 | D:2      | Reached skill level 4 in Fighting
  1072 | D:2      | Gained mutation: You have large cloven feet. [demonic ancestry]
  1072 | D:2      | Reached XP level 3. HP: 28/30 MP: 4/4
  1115 | D:2      | Found a glowing silver altar of Zin.
  1284 | D:2      | Reached XP level 4. HP: 31/38 MP: 5/5
  1326 | D:2      | Noticed Terence
  1339 | D:2      | Killed Terence
  1339 | D:2      | Reached skill level 5 in Fighting
  1352 | D:2      | Gained mutation: You are robust. (+10% HP) [potion of mutation]
  1352 | D:2      | Gained mutation: Your muscles are strong. (Str +2) [potion of mutation]
  1352 | D:2      | Gained mutation: Your muscles are very strong. (Str +4) [potion of mutation]
  1524 | D:2      | Reached XP level 5. HP: 35/49 MP: 6/6
  1656 | D:3      | Reached ** piety under Lugonu
  1670 | D:3      | Reached skill level 6 in Fighting
  1910 | D:3      | Noticed Grinder
  1910 | D:3      | Noticed Amon001's ghost (amateur GnWn)
  1968 | D:3      | Killed Amon001's ghost
  1968 | D:3      | Reached skill level 7 in Fighting
  1968 | D:3      | Reached XP level 6. HP: 14/60 MP: 7/7
  2052 | D:3      | Paralysed by Grinder for 5 turns
  2069 | D:3      | Killed Grinder
  2069 | D:3      | Reached skill level 8 in Fighting
  2069 | D:3      | Reached XP level 7. HP: 40/68 MP: 8/8
  2282 | D:3      | Found an opulent altar of Gozag.
  2314 | D:4      | Found Jeanorhu's Distillery.
  2436 | D:4      | Reached *** piety under Lugonu
  2503 | D:4      | Reached skill level 9 in Fighting
  2575 | D:4      | Found a glowing drain.
  2584 | Sewer    | Entered a sewer
  2814 | Sewer    | Reached **** piety under Lugonu
  2936 | Sewer    | Reached XP level 8. HP: 27/79 MP: 9/9
  2939 | Sewer    | Reached skill level 10 in Fighting
  3556 | D:5      | Entered Level 5 of the Dungeon
  3619 | D:5      | Found a staircase to the Ecumenical Temple.
  3633 | Temple   | Entered the Ecumenical Temple
  3883 | D:5      | Mangled by an ogre

Skill      XL: |  1  2  3  4  5  6  7  8 |
---------------+-------------------------+-----
Fighting       | 4 5 7 8 9 10 | 10.2
Axes           | 3 |  3.2
Armour         | 3 |  3.2
Dodging        | |  0.8
Stealth        | |  0.8
Invocations    | |  2.4

Action                   |  1- 3 |  4- 6 |  7- 9 || total
-------------------------+-------+-------+-------++-------
Melee: Hand axe          |   105 |   157 |   335 ||   597
       Kick              |    12 |    44 |    88 ||   144
Invok: Depart the Abyss  |     1 |       |       ||     1
Evoke: Wand              |       |       |     2 ||     2
  Use: Potion            |     6 |     3 |     2 ||    11
       Scroll            |     3 |     3 |     3 ||     9
 Stab: Invisible         |     1 |       |       ||     1
       Sleeping          |     1 |       |       ||     1
  Eat: Ration            |     1 |     1 |     2 ||     4
Armor: Leather armour    |    18 |       |       ||    18
       Ring mail         |    56 |    10 |       ||    66
       Scale mail        |       |    32 |       ||    32
       Chain mail        |       |    66 |   299 ||   365
Dodge: Dodged            |    94 |    75 |   199 ||   368
